 Dungeon Sprint DCSS version 0.21-a0-297-ga3d34c2 (webtiles) character file.

343 Kidiri the Insei (level 6, -6/48 HPs)
             Began as a Demonspawn Transmuter on Sept 28, 2017.
             Was an Elder of Qazlal.
             Mangled by a shadow wraith (20 damage)
             ... in the Dungeon (Sprint VII: "The Pits").
             The game lasted 00:02:56 (622 turns).

Kidiri the Insei (Demonspawn Transmuter)             Turns: 622, Time: 00:02:57

Health: -6/48      AC:  2    Str: 12    XL:     6   Next: 31%
Magic:  9/13       EV: 15    Int: 15    God:    Qazlal [****..]
Gold:   0          SH:  5    Dex: 15    Spells: 2/15 levels left

rFire    . . .     SeeInvis .     - Unarmed
rCold    . . .     Gourm    .   (shield currently unavailable)
rNeg     . . .     Faith    .   b - +0 robe
rPois    .         Spirit   .   (no helmet)
rElec    .         Reflect  .   (no cloak)
rCorr    .         Harm     .   (gloves currently unavailable)
MR       .....     NoTele   +   (no boots)
Stlth    +.........             (no amulet)
HPRegen  0.16/turn              (no ring)
MPRegen  0.13/turn              (no ring)

@: blade hands, slowed, repel missiles, very slow
A: talons 1, thin skeletal structure 1, demonic guardian 1
a: End Transformation, Upheaval, Elemental Force, Renounce Religion


You were in the Dungeon.
You worshipped Qazlal.
Qazlal was greatly pleased with you.
You were not hungry.
You had blades for hands.
You visited 1 branch

Inventory:

Missiles
 a - 12 arrows
Armour
 b - a +0 robe (worn)
Scrolls
 j - a scroll of blinking
 l - 3 scrolls of remove curse
 m - 5 scrolls of amnesia
 n - a scroll of summoning
Potions
 e - 6 potions of curing
 f - 6 potions of heal wounds
 g - a potion of haste
 h - 4 potions of magic
 i - 3 potions of berserk rage
 k - 2 potions of invisibility
Books
 c - a book of Changes

   Spells                             Type                      Level
   a - Beastly Appendage              Transmutation                1
   b - Sticks to Snakes               Transmutation                2
   c - Spider Form                    Transmutation/Poison         3
   d - Ice Form                       Ice/Transmutation            4
   e - Blade Hands                    Transmutation                5
Comestibles
 d - 8 bread rations
 o - 40 fruits
 p - 7 meat rations
 q - 6 chunks of flesh


   Skills:
 + Level 4.0 Fighting
 + Level 3.4 Armour
 * Level 5.7 Dodging
 * Level 6.0 Unarmed Combat
 + Level 5.0 Spellcasting
 * Level 4.8 Transmutations
 + Level 2.2 Ice Magic
 + Level 2.6 Poison Magic
 + Level 3.4 Invocations


You had 2 spell levels left.
You knew the following spells:

 Your Spells              Type           Power        Failure   Level  Hunger
a - Beastly Appendage     Tmut           ###...       22%         1    None
b - Spider Form           Tmut/Pois      ###.......   47%         3    ###....
c - Ice Form              Ice/Tmut       ##......     78%         4    ####...
d - Blade Hands           Tmut           ###.......   88%         5    ######.


Dungeon Overview and Level Annotations

Branches:
Dungeon (1/1)

Altars:
Ashenzari
Cheibriados
Dithmenos
Elyvilon
Fedhas
Gozag
Hepliaklqana
Kikubaaqudgha
Makhleb
Nemelex Xobeh
Okawaru
Qazlal
Ru
Sif Muna
Trog
Uskayaw
Vehumet
Wu Jian
Xom
Yredelemnul
Zin
The Shining One
Beogh
Jiyva
Lugonu


Innate Abilities, Weirdness & Mutations

You have sharp toenails.
You have a somewhat thin skeletal structure. (Dex +2, Stealth)
A weak demonic guardian rushes to your aid.


Message History

A giant cockroach comes into view.
Unknown command.
You barely miss the giant cockroach.
You claw the giant cockroach, but do no damage.
The giant cockroach barely misses you.
You slice the giant cockroach!!
You kill the giant cockroach!
Qazlal accepts your kill.
There is an open door here.
You see here a giant cockroach corpse.
You open the door.
You hear a chilling moan.
Deactivating autopickup; reactivate with Ctrl-A.
You closely miss something. Something hits you!! Something drains your vigour!
You feel yourself slow down.
Okay, then.
You closely miss something. You claw something. Something hits you!
* * * LOW HITPOINT WARNING * * *
You closely miss something. Something hits you!!
You die...

#.#...)))[.##.......#
#'###########.......#
#)......# #########
#..###..# #...)...#
##)###.##+#
#.......#.+
#..###ยง.#'#
#.......@.#
###########


There were no monsters in sight!

Vanquished Creatures
  Duvessa (D)
  A floating eye (D)
  A scorpion (D)
  Dowan (D)
  A jelly (D)
  An ooze (D)
  An orc (D)
  A bat skeleton (D)
  A bat zombie (D)
  A giant cockroach (D)
  2 hobgoblins (D)
  3 jackals (D)
  2 quokkas (D)
  A frilled lizard (D)
  A quokka skeleton (D)
19 creatures vanquished.

Vanquished Creatures (collateral kills)
  An iron imp (D)
1 creature vanquished.

Grand Total: 20 creatures vanquished

Notes
Turn   | Place    | Note
-------+----------+-------------------------------------------
     0 | D        | Kidiri the Demonspawn Transmuter began the quest for the Orb.
     0 | D        | Reached XP level 1. HP: 15/15 MP: 3/3
    13 | D        | Noticed a floating eye
    18 | D        | Paralysed by a floating eye for 4 turns
    26 | D        | Paralysed by a floating eye for 2 turns
    31 | D        | Killed a floating eye
    31 | D        | Reached skill level 4 in Unarmed Combat
    31 | D        | Gained mutation: You have sharp toenails. [demonic ancestry]
    31 | D        | Reached XP level 2. HP: 23/23 MP: 4/7
    31 | D        | Gained mutation: A weak demonic guardian rushes to your aid. [demonic ancestry]
    31 | D        | Reached XP level 3. HP: 28/28 MP: 4/8
    31 | D        | Reached XP level 4. HP: 34/34 MP: 5/10
    36 | D        | Learned a level 3 spell: Spider Form
    41 | D        | Learned a level 4 spell: Ice Form
    71 | D        | Found a bloodstained altar of Trog.
    71 | D        | Found a deep blue altar of Sif Muna.
    71 | D        | Found a viscous altar of Jiyva.
    71 | D        | Found a hazy altar of Hepliaklqana.
    71 | D        | Found an opulent altar of Gozag.
    72 | D        | Found a glowing golden altar of the Shining One.
    72 | D        | Found a glowing silver altar of Zin.
    72 | D        | Found a basalt altar of Yredelemnul.
    72 | D        | Found a shimmering altar of Xom.
    72 | D        | Found an ornate altar of the Wu Jian Council.
    72 | D        | Found a sacrificial altar of Ru.
    72 | D        | Found a stormy altar of Qazlal.
    72 | D        | Found an iron altar of Okawaru.
    72 | D        | Found a sparkling altar of Nemelex Xobeh.
    72 | D        | Found a burning altar of Makhleb.
    72 | D        | Found a blossoming altar of Fedhas.
    72 | D        | Found a white marble altar of Elyvilon.
    72 | D        | Found a shadowy altar of Dithmenos.
    72 | D        | Found a snail-covered altar of Cheibriados.
    74 | D        | Found a radiant altar of Vehumet.
    74 | D        | Found a corrupted altar of Lugonu.
    74 | D        | Found a roughly hewn altar of Beogh.
    75 | D        | Found a hide-covered altar of Uskayaw.
    75 | D        | Found an ancient bone altar of Kikubaaqudgha.
    75 | D        | Found a shattered altar of Ashenzari.
   105 | D        | Became a worshipper of Qazlal Stormbringer
   128 | D        | Reached * piety under Qazlal
   159 | D        | Reached ** piety under Qazlal
   228 | D        | Reached *** piety under Qazlal
   407 | D        | Reached skill level 5 in Unarmed Combat
   407 | D        | Reached skill level 1 in Ice Magic
   407 | D        | Reached skill level 1 in Poison Magic
   407 | D        | Reached skill level 1 in Invocations
   407 | D        | Reached XP level 5. HP: 40/41 MP: 8/11
   410 | D        | Noticed Dowan
   415 | D        | Noticed Duvessa
   417 | D        | Reached **** piety under Qazlal
   423 | D        | Reached skill level 5 in Dodging
   424 | D        | Killed Dowan
   425 | D        | Killed Duvessa
   425 | D        | Reached skill level 6 in Unarmed Combat
   425 | D        | Reached skill level 5 in Spellcasting
   425 | D        | Gained mutation: You have a somewhat thin skeletal structure. (Dex +2, Stealth) [demonic ancestry]
   425 | D        | Reached XP level 6. HP: 18/48 MP: 7/13
   452 | D        | Learned a level 5 spell: Blade Hands
   622 | D        | Mangled by a shadow wraith

Vault maps used:
D:        pitsprint

Skill      XL: |  1  2  3  4  5 |
---------------+----------------+-----
Fighting       | 2 3 4 |  4.0
Armour         | 2 3 |  3.4
Dodging        | 4 5 |  5.7
Unarmed Combat | 4 5 6 |  6.0
Spellcasting   | 4 5 |  5.0
Transmutations | 3 4 |  4.8
Ice Magic      | 1 2 |  2.2
Poison Magic   | 1 2 |  2.6
Invocations    | 1 3 |  3.4

Action                   |  1- 3 |  4- 6 || total
-------------------------+-------+-------++-------
Melee: Unarmed           |    11 |    46 ||    57
       Kick              |       |     2 ||     2
 Cast: Spider Form       |       |     5 ||     5
       Blade Hands       |       |     1 ||     1
 Stab: Sleeping          |     1 |       ||     1
Armor: Skin              |       |     4 ||     4
Dodge: Dodged            |       |    51 ||    51
Block: Other             |       |     6 ||     6

Table legend:
 A = Spawn XP
 B = Non-spawn XP
 C = Spawn XP percentage of total XP
 D = Spawn monster count
 E = Non-spawn monster count
 F = Spawn count percentage of total count
 G = Total turns spent on level
                    A         B        C        D         E        F      G
               +---------+---------+-------+---------+---------+-------+---------
         Total |       0 |     490 |   0.0 |       0 |      20 |   0.0 |   622
               +---------+---------+-------+---------+---------+-------+---------
             D |       0 |     490 |   0.0 |       0 |      20 |   0.0 |   622
               +---------+---------+-------+---------+---------+-------+---------
